[Event "Late-Titled-Tuesday-Blitz-February-27-2024"]
[Site "Chess.com"]
[Date "2024.02.27"]
[Round "1"]
[White "ventdelest"]
[Black "Irishchessman16"]
[Result "1/2-1/2"]
[WhiteElo "2073"]
[BlackElo "2532"]
[TimeControl "180+1"]
[EndTime "14:07:41 PST"]
[Termination "Game drawn by repetition"]

1. e4 c5 2. Nf3 Nc6 3. Bb5 g6 4. d3 Bg7 5. c3 e5 6. O-O Nge7 7. Be3 d6 8. Re1 O-O 9. Nbd2 h6 10. Nf1 f5 11. exf5 gxf5 12. Bd2 Be6 13. Ba4 Ng6 14. Ng3 Kh7 15. Bc2 d5 16. c4 dxc4 17. dxc4 e4 18. Bc3 Bxc3 19. bxc3 Bxc4 20. Nd2 Bd3 21. Nb3 Bxc2 22.
Qxc2 c4 23. Nd2 Qd3 24. Qb2 Rf7 25. Rad1 Rd8 26. Qc1 Rfd7 27. Nxf5 e3 28. Nxe3 Nf4 29. Ndxc4 Ne2+ 30. Rxe2 Qxd1+ 31. Nxd1 Rxd1+ 32. Re1 Rxc1 33. Rxc1 b5 34. Ne3 Rd2 35. g3 Rxa2 36. Rb1 a6 37.
Nd5 Ra3 38. Nb4 Ne5 39. Rc1 Nf3+ 40. Kg2 Nd2 41. Rd1 Ne4 42. Rd7+ Kh8 43. Rd8+ Kh7 44. Rd7+ Kh8 45. Rd8+ Kh7 46. Rd7+ 1/2-1/2

[Event "Late-Titled-Tuesday-Blitz-February-27-2024"]
[Site "Chess.com"]
[Date "2024.02.27"]
[Round "1"]
[White "ImportedItalianMaple"]
[Black "Grischuk"]
[Result "1-0"]
[WhiteElo "2535"]
[BlackElo "3046"]
[TimeControl "180+1"]
[EndTime "14:07:42 PST"]
[Termination "ImportedItalianMaple won on time"]

1. Nf3 d5 2. g3 c6 3. Bg2 Bg4 4. O-O Nf6 5. c4 e6 6. cxd5 exd5 7. h3 Bh5 8. d3 Be7 9. Nc3 O-O 10. e4 Na6 11. e5 Nd7 12. d4 Nc7 13. Qb3 Ne6 14.
Be3 Qb6 15. Qxb6 axb6 16. g4 Bg6 17. Nd2 Bd3 18. Rfd1 f5 19. Nxd5 Bh4 20. Nf3 Be4 21. Nxh4 Bxd5 22. Bxd5 cxd5 23. gxf5 Nd8 24. a3 Nc6 25. Rac1 b5 26. Kh2 Ra4 27. e6 Nf6 28. Rc5 b4 29. Rb5 bxa3 30. bxa3 Na5 31. Bd2 Nc6 32.
Bb4 Rb8 33. Bd6 Re8 34. Rxb7 Nxd4 35. Rg1 Nxe6 36. fxe6 Rxh4 37. Rgxg7+ Kh8 38. Be5 Rxe6 39. Rge7 Rxe5 40. Rxe5 Rh6 41. Rf5 Kg8 42. a4 Ne4 43. Rxd5 1-0

[Event "Late-Titled-Tuesday-Blitz-February-27-2024"]
[Site "Chess.com"]
[Date "2024.02.27"]
[Round "1"]
[White "FredddieCroderg"]
[Black "lucasran"]
[Result "0-1"]
[WhiteElo "2270"]
[BlackElo "2608"]
[TimeControl "180+1"]
[EndTime "14:07:42 PST"]
[Termination "lucasran won on time"]

1. e4 c6 2. d4 d5 3. exd5 cxd5 4. Nf3 Nc6 5. Bb5 Bg4 6. O-O Nf6 7. c3 Rc8 8. Nbd2 e6 9. Qa4 Bxf3 10. Nxf3 Qb6 11. Bd3 Bd6 12. Re1 O-O 13. Ne5 Qc7 14. Nxc6 bxc6 15.
h3 h6 16. Be3 c5 17. dxc5 Bxc5 18. Bxc5 Qxc5 19. Rac1 Rb8 20. Qc2 Rfc8 21. Qe2 Qb6 22. b3 Rc7 23. c4 Rbc8 24. Rcd1 d4 25. Qf3 Qc5 26. Qg3 Rd7 27. Re5 Qd6 28. Rde1 Qa3 29. R1e2 Qc1+ 30. Kh2 Rcd8 31. Rc2 Qa3 32. c5 Rc8 33. c6 Rdc7 34. Rec5 Nd5 35. Qf3 Nb4 36. R2c4 Nxa2 37. Qe4 g6 38. h4 Nb4 39. h5 Nxd3 40.
hxg6 Nxc5 41. gxf7+ Rxf7 42. Qg6+ Rg7 43. Qh5 Ne4 44.
Qh3 Qd6+ 45. g3 Ng5 46. Qh5 Qd5 0-1

[Event "Late-Titled-Tuesday-Blitz-February-27-2024"]
[Site "Chess.com"]
[Date "2024.02.27"]
[Round "1"]
[White "Kgutierrez95"]
[Black "CarlosjPineror"]
[Result "0-1"]
[WhiteElo "2146"]
[BlackElo "2552"]
[TimeControl "180+1"]
[EndTime "14:07:42 PST"]
[Termination "CarlosjPineror won on time"]

1. e4 c5 2. Nf3 e6 3. d4 cxd4 4.
Nxd4 a6 5. c4 Qc7 6. Nc3 Nf6 7.
Bg5 Be7 8. Be2 d6 9. O-O b6 10. Qd3 Bb7 11. f4 Nbd7 12. Bf3 Rc8 13. b3 b5 14.
Nce2 bxc4 15. bxc4 Nc5 16. Qe3 Nfxe4 17. Bxe7 Qxe7 18. f5 O-O 19. fxe6 fxe6 20. Bxe4 Bxe4 21. Rac1 e5 22. Nb3 Ba8 23. Nc3 Ne6 24. Rxf8+ Qxf8 25. Ne4 Bxe4 26. Qxe4 Qf4 27. Qd5 Qe3+ 28. Kh1 Re8 29. Rf1 Qe2 30. Nd2 h6 31. h3 Kh8 32. Qxd6 Nf4 33.
Rg1 Qe3 34. c5 Ne2 35. Re1 Ng3+ 36. Kh2 Qxe1 37. Nf3 Nf1+ 38. Kh1 Qe2 39. Ng1 Qf2 40. Qd7 Rf8 41. c6 Ne3 0-1

[Event "Late-Titled-Tuesday-Blitz-February-27-2024"]
[Site "Chess.com"]
[Date "2024.02.27"]
[Round "1"]
[White "pooh2012"]
[Black "Alex_Sahakyan2006"]
[Result "1-0"]
[WhiteElo "2478"]
[BlackElo "2803"]
[TimeControl "180+1"]
[EndTime "14:07:43 PST"]
[Termination "pooh2012 won by checkmate"]

1. Nf3 Nf6 2. b3 g6 3. Bb2 Bg7 4. g3 O-O 5. Bg2 c5 6. c4 Nc6 7. O-O d6 8. d4 cxd4 9. Nxd4 Bd7 10. Nc3 Rc8 11. Rc1 Qa5 12. Qd2 Ne4 13. Nxe4 Qxd2 14.
Nxd2 Nxd4 15. Bxd4 Bxd4 16. Bxb7 Rb8 17. Bf3 a5 18. e3 Bg7 19. c5 Bb5 20. Rfd1 a4 21.
cxd6 exd6 22. Ne4 axb3 23. axb3 Ba6 24. Rxd6 Bc8 25. Nc5 Bf5 26. Kg2 h5 27. h3 Bb2 28.
Rcd1 Ba3 29. R6d5 Rfc8 30. Nd7 Rxb3 31. Nf6+ Kf8 32. g4 Be6 33. R5d4 hxg4 34. hxg4 Kg7 35. Nd5 Rc2 36. Nf4 Bc8 37. R4d2 Rcc3 38. Nd5 Rc5 39. Nf4 Rcc3 40. Rd8 Rc5 41. Rh1 Rb2 42. Rhh8 Rcc2 43. Rdg8+ Kf6 44. Nd5+ Kg5 45. Rh5# 1-0

[Event "Late-Titled-Tuesday-Blitz-February-27-2024"]
[Site "Chess.com"]
[Date "2024.02.27"]
[Round "1"]
[White "bilelou"]
[Black "WPWPWP-2015"]
[Result "0-1"]
[WhiteElo "2709"]
[BlackElo "2434"]
[TimeControl "180+1"]
[EndTime "14:07:43 PST"]
[Termination "WPWPWP-2015 won by resignation"]

1. e4 e5 2. Nf3 Nc6 3. Bc4 Nf6 4. d3 Be7 5. Nc3 O-O 6. a3 d6 7. Nd5 h6 8. h3 Be6 9. Be3 a5 10.
Nxf6+ Bxf6 11. Bxe6 fxe6 12. a4 d5 13. c3 Qd7 14. O-O Kh7 15. Qc2 Kh8 16. Rad1 Qf7 17. Rfe1 Rfe8 18. Bc1 Rad8 19. Re2 d4 20. Bd2 b6 21. Qb3 Rd6 22. c4 Rdd8 23. Rc1 Qd7 24. c5 Rb8 25. Qc4 Rec8 26. Be1 Ne7 27. c6 Qd6 28. b4 Ng6 29. g3 Ra8 30. b5 Qe7 31.
Kg2 Qf7 32. Bd2 Rf8 33. Ng1 Rae8 34. Rf1 Bg5 35. Be1 Be7 36. f3 Bd6 37. h4 Ne7 38.
Nh3 Ng8 39. Ref2 Qg6 40. f4 Nf6 41. f5 exf5 42. Rxf5 Ng4 43. Bd2 Rxf5 44. Rxf5 Rf8 45.
Rxf8+ Bxf8 46. Qd5 Bd6 47. Qa2 Qf6 48. Bc1 Kh7 49.
Qe2 h5 50. Bg5 Qf7 51. Qf3 Qa2+ 52. Nf2 Kg8 53. Qf5 Ne3+ 54. Kf3 Nxf5 55. exf5 Qd5+ 56.
Ne4 Qb3 57. Ke2 Qc2+ 58. Bd2 Bb4 59. f6 Bxd2 60. Nxd2 gxf6 61. Ke1 Kf7 62. Ke2 Qxa4 63. Ne4 Qxb5 0-1

[Event "Late-Titled-Tuesday-Blitz-February-27-2024"]
[Site "Chess.com"]
[Date "2024.02.27"]
[Round "1"]
[White "Balla_Tamas"]
[Black "PepeCuenca"]
[Result "0-1"]
[WhiteElo "2409"]
[BlackElo "2719"]
[TimeControl "180+1"]
[EndTime "14:07:44 PST"]
[Termination "PepeCuenca won by checkmate"]

1. e4 c5 2. c3 Nf6 3. e5 Nd5 4. d4 cxd4 5. Nf3 Nc6 6. cxd4 d6 7.
Bc4 dxe5 8. dxe5 Ndb4 9. Qxd8+ Nxd8 10. Na3 a6 11. O-O Bg4 12. Be2 Ndc6 13. Bf4 e6 14. Nc4 Be7 15. Nd6+ Bxd6 16. exd6 O-O 17. Rfd1 Rfd8 18.
Bg3 Nd5 19. h3 Bh5 20. Rac1 f6 21. Bc4 Bf7 22. Nd4 Nxd4 23. Rxd4 Rac8 24. Rdd1 Nb6 25. Bb3 e5 26. Rc7 Bxb3 27. Rxc8 Nxc8 28. axb3 Nxd6 29.
f4 e4 30. f5 Nf7 31. Rc1 Nh6 32. Rc7 Nxf5 33. Bf4 b5 34. Ra7 g5 35. g4 gxf4 36.
gxf5 Rd3 37. Rxa6 Kg7 38. Ra7+ Kh6 39. Rb7 Rxb3 40. Rb6 Kg5 41. h4+ Kxf5 42. h5 Rxb2 43. h6 f3 44. Rb7 e3 45. Rxh7 Rb1+ 46. Kh2 e2 47. Re7 e1=Q 48. h7 Qh4# 0-1

[Event "Late-Titled-Tuesday-Blitz-February-27-2024"]
[Site "Chess.com"]
[Date "2024.02.27"]
[Round "1"]
[White "almaguerjm"]
[Black "ElHelvetico"]
[Result "1-0"]
[WhiteElo "2451"]
[BlackElo "2747"]
[TimeControl "180+1"]
[EndTime "14:07:45 PST"]
[Termination "almaguerjm won by resignation"]

1. e4 g6 2. Nf3 Bg7 3. d4 d6 4. h3 Nf6 5. Bd3 O-O 6. Nc3 Nc6 7. Bg5 h6 8. Bh4 e5 9. d5 Ne7 10. Qd2 g5 11. Bg3 Nh5 12. O-O-O Ng6 13. h4 g4 14. Nh2 Kh7 15. Kb1 a6 16. Be2 Nxg3 17. fxg3 h5 18. Rdf1 Bh6 19. Qd1 b5 20. Bxg4 hxg4 21.
h5 Ne7 22. Nxg4 Ng8 23. Qf3 Qg5 24. Nxh6 Nxh6 25. Nd1 Bg4 26. Qc3 Bxd1 27. Rxd1 Qe7 28. Rdf1 Rg8 29. Rf3 Rg5 30. Rhf1 Rag8 31. Qc6 Rxg3 32.
Rxg3 Rxg3 33. Qxa6 Rxg2 34. Qxb5 Qg5 35. a4 Rg1 36. a5 Rxf1+ 37. Qxf1 Qd2 38. a6 Qa5 39. c3 f5 40. exf5 Kg7 41. f6+ Kf8 42. Qd3 Nf7 43.
b4 Qb6 44. Kc2 Qf2+ 45. Kb3 Qb6 46. Qg6 Qxa6 47. Qg7+ Ke8 48. Qg8+ Kd7 49. Qxf7+ Kd8 50. Qf8+ Kd7 51. f7 c5 52. Qe8+ Kc7 53. Qe7+ Kb6 54. Qxd6+ 1-0

[Event "Late-Titled-Tuesday-Blitz-February-27-2024"]
[Site "Chess.com"]
[Date "2024.02.27"]
[Round "1"]
[White "Perecke"]
[Black "lluiss"]
[Result "1-0"]
[WhiteElo "2548"]
[BlackElo "2146"]
[TimeControl "180+1"]
[EndTime "14:07:46 PST"]
[Termination "Perecke won on time"]

1. e4 e6 2. d4 d5 3. Nc3 Nf6 4. e5 Nfd7 5. Nce2 b6 6. f4 Ba6 7.
Nf3 g6 8. g3 h5 9. Bg2 Be7 10.
O-O c5 11. c3 Nc6 12. Rf2 Bxe2 13. Rxe2 Kf8 14. h3 Kg7 15. g4 hxg4 16. hxg4 Bh4 17. g5 Ne7 18. Bh3 Nf5 19. Bxf5 gxf5 20. Kg2 Nf8 21.
Be3 Ng6 22. Qd2 Qd7 23. Rh1 Rh7 24. Kf1 Rah8 25. Reh2 Qb5+ 26. Kg2 Qa6 27. a3 Qc4 28. Rh3 cxd4 29. Qxd4 Qa2 30. Qd2 Qc4 31. R1h2 b5 32. Ng1 a5 33. Nf3 a4 34. Nd4 Rh5 35. Qe2 Qxe2+ 36. Nxe2 R5h7 37. Nd4 Be1 38. Rxh7+ Rxh7 39. Rxh7+ Kxh7 40. Nxb5 Nh4+ 41. Kf1 Bg3 42. Ke2 Ng6 43. Kf3 Bh2 44. Nd6 Nh4+ 45. Kf2 Kg6 46. Ne8 Kh5 47. Nf6+ Kg6 48. Bd2 1-0

[Event "Late-Titled-Tuesday-Blitz-February-27-2024"]
[Site "Chess.com"]
[Date "2024.02.27"]
[Round "1"]
[White "hansen"]
[Black "DeArron_Fox"]
[Result "1-0"]
[WhiteElo "2910"]
[BlackElo "2489"]
[TimeControl "180+1"]
[EndTime "14:07:47 PST"]
[Termination "hansen won by resignation"]

1. e4 c5 2. Nf3 e6 3. c3 d5 4.
exd5 Qxd5 5. d4 Nf6 6. Na3 Nc6 7. Be2 cxd4 8. Nb5 Qd8 9. Nbxd4 Nxd4 10. Qxd4 Qxd4 11.
Nxd4 Bc5 12. Nb3 Bb6 13. Bf3 O-O 14. O-O e5 15. Bg5 e4 16. Be2 Ng4 17. Rad1 h6 18. Bc1 Ne5 19. Rd5 Ng6 20. Be3 Be6 21. Rd6 Bxe3 22.
fxe3 Bxb3 23. axb3 Rfd8 24. Rfd1 Rxd6 25. Rxd6 Kf8 26.
Rd7 Rb8 27. Rc7 Ne5 28. Kf2 Ke8 29. Kg3 Kd8 30. Rc5 f6 31. Kf4 Nd7 32. Rd5 Kc7 33. g4 Re8 34. Rxd7+ Kxd7 35. Bb5+ Ke7 36. Bxe8 Kxe8 37.
Kxe4 Ke7 38. Kd5 Kd7 39. b4 a6 40. c4 g6 41. e4 Ke7 42. e5 f5 43. gxf5 gxf5 44. c5 h5 45. h4 Kd7 46. e6+ Ke7 47.
Ke5 f4 48. Kxf4 Kxe6 49. Kg5 Kd5 50. Kxh5 Kc4 51. Kg5 Kxb4 52. h5 Kxc5 53. h6 1-0

[Event "Late-Titled-Tuesday-Blitz-February-27-2024"]
[Site "Chess.com"]
[Date "2024.02.27"]
[Round "1"]
[White "Russian_berezka"]
[Black "mjelcic"]
[Result "1-0"]
[WhiteElo "2597"]
[BlackElo "2247"]
[TimeControl "180+1"]
[EndTime "14:07:48 PST"]
[Termination "Russian_berezka won by resignation"]

1. d4 d5 2. Bf4 Nf6 3. e3 c5 4. c3 Nc6 5. Nd2 Bf5 6. Qb3 Qb6 7. dxc5 Qxb3 8. axb3 e5 9. Bg3 Bxc5 10. Ngf3 Bd6 11.
Bb5 Nd7 12. Nd4 Nxd4 13. exd4 f6 14. dxe5 fxe5 15. Nf3 O-O 16. O-O-O Nb6 17. Bxe5 Bxe5 18. Nxe5 a6 19. Bd3 Rae8 20. Rhe1 Re7 21. Kd2 Be4 22. Bxe4 dxe4 23. Rxe4 Rxf2+ 24. Ke1 Rf8 25. Rd6 Nc8 26.
Rd7 Rfe8 27. Rxe7 Rxe7 28. Re2 Nd6 29. Nc4 Nf5 30. Rxe7 Nxe7 31. Ke2 Kf7 32. Nd6+ Ke6 33. Nxb7 Kd5 34. Na5 g5 35. Nc4 h5 36. Kd3 Nc6 37.
Ne3+ Ke5 38. b4 g4 39. g3 Nd8 40. c4 Ne6 41. Nd5 Ng5 42. Nc7 Nf3 43. Nxa6 Nxh2 44. b5 Kd6 45. c5+ Kd7 46. c6+ Kc8 47. b6 1-0

[Event "Late-Titled-Tuesday-Blitz-February-27-2024"]
[Site "Chess.com"]
[Date "2024.02.27"]
[Round "1"]
[White "reevecanada"]
[Black "pr1105"]
[Result "1-0"]
[WhiteElo "2636"]
[BlackElo "2337"]
[TimeControl "180+1"]
[EndTime "14:07:50 PST"]
[Termination "reevecanada won by resignation"]

1. e4 e5 2. Nf3 Nc6 3. d4 exd4 4. Nxd4 Nf6 5. Nxc6 bxc6 6. Nd2 Bc5 7. Be2 O-O 8. e5 Nd5 9. Nb3 Bb6 10. c4 Ne7 11. c5 Nd5 12. cxb6 axb6 13. O-O Re8 14. f4 Bb7 15. Bf3 d6 16. Re1 dxe5 17. fxe5 Qh4 18. g3 Qe7 19. Qd4 Nb4 20. Qc3 Rxa2 21. Rxa2 Nxa2 22.
Qc4 Nxc1 23. Nxc1 Rd8 24. Bxc6 Bxc6 25. Qxc6 g6 26. e6 Rd6 27. exf7+ Qxf7 28. Qe8+ Qxe8 29.
Rxe8+ Kf7 30. Re1 Rd2 31. b3 c5 32. Ne2 Rb2 33. Rf1+ Ke7 34. Nc1 b5 35. Rf2 Rb1 36. Rc2 Kd6 37. Kf2 Kd5 38. Ke3 h5 39. Nd3 c4 40.
bxc4+ bxc4 41. Nf4+ Kc5 42. Nxg6 Kb4 43. Ne5 c3 44.
Kd3 Rd1+ 45. Ke2 Rh1 46. Nf3 Kb3 47. Kd3 Rd1+ 48. Nd2+ cxd2 49. Rxd2 Rh1 50. Ke4 Kc3 51.
Rf2 Kc4 52. Kf4 Kd4 53. Kg5 Ke3 54. Ra2 Kf3 55. Kxh5 Ke4 56. g4 Kf4 57. g5 Rg1 58. g6 Kf5 59. Rf2+ Ke6 60. Kh6 Ke7 61. g7 Ke6 1-0

[Event "Late-Titled-Tuesday-Blitz-February-27-2024"]
[Site "Chess.com"]
[Date "2024.02.27"]
[Round "1"]
[White "IngOscarArdila"]
[Black "arenal72"]
[Result "0-1"]
[WhiteElo "2297"]
[BlackElo "2612"]
[TimeControl "180+1"]
[EndTime "14:07:51 PST"]
[Termination "arenal72 won by resignation"]

1. d4 d6 2. Nf3 g6 3. c4 Bg7 4. Nc3 e5 5. dxe5 dxe5 6. Qxd8+ Kxd8 7. Ng5 Nh6 8. e4 f6 9. Nf3 Nf7 10. Be3 c6 11. O-O-O+ Kc7 12. c5 Be6 13. Nd2 Nd7 14. Bc4 Bxc4 15. Nxc4 Bh6 16. b4 Bxe3+ 17. Nxe3 a5 18.
a3 axb4 19. axb4 b5 20. Kb2 Nf8 21. Ng4 f5 22. exf5 gxf5 23. Nf6 h5 24. Ra1 Ne6 25.
Rhd1 Nd4 26. Rxa8 Rxa8 27. Nxh5 Rh8 28. Ng3 Rxh2 29. Rg1 Ng5 30. Nce2 f4 31. Nxd4 fxg3 32. Nf5 gxf2 33. Rf1 Rxg2 34. Kc2 Ne4 35. Kd3 Ng3 36. Nxg3 Rxg3+ 37. Ke4 Rg2 38. Kxe5 Kd7 39. Ke4 Ke6 40. Kf3 Rh2 41. Kg3 Rh5 42. Rxf2 Kd5 43. Rf6 Kc4 44. Rf4+ Kb3 45. Kg4 Rd5 46. Re4 Rd3 47. Kf4 Rc3 48. Ke5 Rc4 49. Re3+ Kxb4 50. Kd6 Rxc5 51. Re4+ Rc4 52. Re1 Ka5 53. Ra1+ Kb6 54. Ra8 Rd4+ 55. Ke5 Rd1 56. Rb8+ Kc5 57. Rc8 b4 58. Ke4 b3 59.
Ke3 b2 0-1

[Event "Late-Titled-Tuesday-Blitz-February-27-2024"]
[Site "Chess.com"]
[Date "2024.02.27"]
[Round "1"]
[White "kai_nov"]
[Black "IamSchrodingersCat"]
[Result "0-1"]
[WhiteElo "2327"]
[BlackElo "2631"]
[TimeControl "180+1"]
[EndTime "14:07:53 PST"]
[Termination "IamSchrodingersCat won on time"]

1. d4 Nf6 2. c4 g6 3. f3 Bg7 4. e4 d6 5. Nc3 c5 6. d5 O-O 7. Bg5 h6 8. Be3 e6 9. Qd2 exd5 10. cxd5 Kh7 11. a4 Nbd7 12. Nh3 a6 13. Nf2 Rb8 14. Be2 Ne5 15. O-O Bd7 16. Rfb1 b5 17.
axb5 axb5 18. b4 c4 19. Ra7 Qc8 20. Rba1 Rb7 21. R7a6 Qc7 22. R1a3 Rfb8 23. h3 g5 24. g4 Ng6 25. Nh1 Ne8 26. Ng3 Be5 27. Kf2 Nf6 28. Bf1 Nf4 29. Bd4 Rb6 30. Rxb6 Rxb6 31. Qe3 Rb7 32. Ra5 Qd8 33. Nf5 Qe8 34. Ra6 Bxf5 35. exf5 Kg7 36. Ra5 Re7 37. Bxe5 Rxe5 38. Qd2 N6xd5 39.
Nxb5 Ne3 40. Nc3 Nxf1 41. Kxf1 Nd3 42. Ne4 Rxe4 43. fxe4 Qxe4 44. f6+ Kh7 45. Ra7 Qh1+ 46. Ke2 Qg2+ 0-1

[Event "Late-Titled-Tuesday-Blitz-February-27-2024"]
[Site "Chess.com"]
[Date "2024.02.27"]
[Round "1"]
[White "GodzillaChessYoutube"]
[Black "PapiPapita"]
[Result "0-1"]
[WhiteElo "2649"]
[BlackElo "2388"]
[TimeControl "180+1"]
[EndTime "14:07:55 PST"]
[Termination "PapiPapita won on time"]

1. d4 Nf6 2. Bf4 b6 3. e3 Bb7 4.
a4 a6 5. Nd2 e6 6. c3 Be7 7. h3 O-O 8. Ngf3 c5 9. Bd3 d6 10. Qe2 Re8 11. Bh2 Nbd7 12. O-O Bf8 13. Rfd1 d5 14. Ne5 c4 15. Bc2 b5 16. e4 Qb6 17. a5 Qa7 18. Nxd7 Nxd7 19. e5 Be7 20. f4 b4 21. f5 b3 22. Bb1 exf5 23.
Bxf5 Nf8 24. Rf1 Bc8 25. Qf3 Bg5 26. Rad1 Bxd2 27. Rxd2 Bxf5 28. Qxf5 Re7 29. Rdf2 Ne6 30. Qg4 Qc7 31. Rxf7 Rxf7 32. Qxe6 Qd7 33. Qxd7 Rxd7 34. Bf4 Rf8 35. g3 Rdf7 36. h4 h6 37. Ra1 g5 38.
hxg5 hxg5 39. Bxg5 Rf2 40. e6 Re2 41. e7 Rf3 42.
Bf4 Kf7 43. Be5 Rxb2 44. Re1 Kxe7 45. Bf4+ Kd7 46. Kh1 Rxc3 0-1

[Event "Late-Titled-Tuesday-Blitz-February-27-2024"]
[Site "Chess.com"]
[Date "2024.02.27"]
[Round "1"]
[White "KaydenTroffChess"]
[Black "wild3000"]
[Result "1-0"]
[WhiteElo "2814"]
[BlackElo "2457"]
[TimeControl "180+1"]
[EndTime "14:07:56 PST"]
[Termination "KaydenTroffChess won on time"]

1. d4 Nf6 2. Nf3 e6 3. Bf4 b6 4. e3 Bb7 5. Nbd2 Nh5 6. Bg3 Be7 7. Bd3 d6 8. a4 a6 9. c4 Nd7 10. a5 bxa5 11. Rxa5 Nxg3 12. hxg3 h6 13. Rah5 Nf6 14.
R5h4 c5 15. g4 cxd4 16. exd4 Nd7 17. Rh5 Nf6 18. R5h4 Nd7 19. R4h3 Qa5 20. Rh5 Qb4 21. g5 Qxb2 22. gxh6 g6 23. Ra5 Bd8 24. Ra1 Bxf3 25. Nxf3 Qc3+ 26. Kf1 a5 27. Rc1 Qb2 28. Rb1 Qc3 29. Rh3 Rb8 30. Kg1 Rxb1 31. Qxb1 Qb4 32. Bxg6 Qxb1+ 33. Bxb1 f5 34. d5 exd5 35. cxd5 Bf6 36.
Bxf5 Nb6 37. Be4 a4 38. Ne1 Kd7 39. h7 Ra8 40. Nc2 Bh8 41. Rg3 a3 42. Nxa3 Be5 43. Rb3 Nc4 44. Nxc4 Ra1+ 45. Rb1 Ra4 46. Nxe5+ dxe5 47. h8=Q Rxe4 48. Qg7+ Kd6 49. Qg6+ Kxd5 50. Rd1+ Rd4 51.
Rxd4+ Kxd4 52. Qe6 Ke4 53. g4 Kf3 54. Qf5+ Ke2 55.
Qe4+ Kd1 56. g5 1-0

[Event "Late-Titled-Tuesday-Blitz-February-27-2024"]
[Site "Chess.com"]
[Date "2024.02.27"]
[Round "1"]
[White "Roberz12"]
[Black "waltereador"]
[Result "1-0"]
[WhiteElo "2604"]
[BlackElo "2266"]
[TimeControl "180+1"]
[EndTime "14:07:56 PST"]
[Termination "Roberz12 won by resignation"]

1. g3 g6 2. Bg2 Bg7 3. Nf3 c5 4.
O-O Nf6 5. c4 O-O 6. Nc3 Nc6 7.
a3 d6 8. d3 a6 9. Rb1 Rb8 10.
b4 cxb4 11. axb4 b5 12. cxb5 axb5 13. d4 Bf5 14. Rb3 Ne4 15. Nxe4 Bxe4 16. e3 Bd5 17.
Rb1 Bc4 18. Re1 d5 19. Bd2 e6 20. Bc3 Qb6 21. Qd2 Ra8 22. Ra1 Qb7 23. h4 h5 24.
Ng5 Rxa1 25. Rxa1 Ra8 26. Qb2 Rxa1+ 27. Qxa1 Qa7 28. Qxa7 Nxa7 29. e4 dxe4 30. Nxe4 Nc8 31. Bf1 Bxf1 32. Kxf1 Nb6 33. Nd6 Nd5 34. Bd2 Kf8 35.
Nxb5 Kg8 36. Ke2 Bf8 37. Nc3 Nxb4 38. Ne4 Nd5 39. Bg5 Bg7 40. Kd3 Kf8 41. Bd2 Ke7 42. Bc1 Kd7 43. Ba3 Kc6 44. Kc4 f5 45. Nc5 Nb6+ 46.
Kd3 e5 47. Ne6 e4+ 48. Ke2 Bh6 49. Bf8 Bc1 50. Bc5 Nd7 51. Ba7 Kd5 52. Nc7+ Kc6 53. Ne6 Bb2 54. Nf4 Nb6 55. Bxb6 Kxb6 56. Nxg6 Bxd4 57. Ne7 f4 58. Nd5+ Kc5 59. Nxf4 e3 60.
Ne6+ Kd5 61. Nxd4 Kxd4 62. fxe3+ Ke4 63. Kf2 Kf5 64. Kf3 Ke5 65. e4 Ke6 66. Kf4 Kf6 67. e5+ Ke6 68. Ke4 Ke7 69. Kf5 Kf7 70. Kg5 Ke6 71.
Kxh5 Kxe5 72. Kg6 Ke6 73. h5 Ke7 74. h6 Kf8 75. h7 Ke7 76. g4 1-0

[Event "Late-Titled-Tuesday-Blitz-February-27-2024"]
[Site "Chess.com"]
[Date "2024.02.27"]
[Round "1"]
[White "GilbertoHernandezAmura"]
[Black "rychessmaster1"]
[Result "0-1"]
[WhiteElo "2413"]
[BlackElo "2725"]
[TimeControl "180+1"]
[EndTime "14:07:58 PST"]
[Termination "rychessmaster1 won by resignation"]

1. d4 Nf6 2. Bg5 Ne4 3. h4 c5 4. d5 h6 5. Bc1 d6 6. f3 Nf6 7. Nc3 e6 8. e4 exd5 9. Nxd5 Be6 10. c4 Nc6 11. Be3 Be7 12. Bf2 Nd7 13. Bd3 Nde5 14. Ne2 O-O 15. Qd2 Rb8 16. Rd1 Re8 17. Nxe7+ Qxe7 18.
b3 a6 19. O-O b5 20. cxb5 axb5 21. Bb1 Red8 22. Nf4 c4 23. Nd5 Bxd5 24. exd5 Na7 25. Rfe1 Qc7 26. Qc2 g6 27. h5 Rbc8 28. f4 Nd3 29.
Re4 Nxf2 30. Qxf2 c3 31. Bc2 Qc5 32. Qxc5 Rxc5 33. hxg6 fxg6 34. Re7 Nc8 35. Rb7 Re8 36.
Bxg6 Re7 37. Rb8 Kg7 38. Bd3 Re3 39. Kf2 c2 40. Bxc2 Re7 41. Bd3 Rc3 42. Rxb5 Ra7 43. Ke3 Rxa2 44. Kd4 Rc7 45. g4 Ne7 46. f5 Rg2 47.
Rf1 Rxg4+ 48. Ke3 Kf6 49. Rb6 Nxd5+ 50. Kd2 Nxb6 51. Be2 Rd4+ 52. Bd3 Nd5 53. Rg1 Nf4 0-1

[Event "Late-Titled-Tuesday-Blitz-February-27-2024"]
[Site "Chess.com"]
[Date "2024.02.27"]
[Round "1"]
[White "PattyCastillo"]
[Black "DanylaBagrov"]
[Result "1/2-1/2"]
[WhiteElo "1978"]
[BlackElo "2526"]
[TimeControl "180+1"]
[EndTime "14:07:58 PST"]
[Termination "Game drawn - insufficient material"]

1. d4 d5 2. Nf3 c5 3. e3 Nc6 4. b3 Nf6 5. Bb2 e6 6. Bd3 Be7 7. O-O O-O 8. Nbd2 b6 9. a3 Bb7 10.
Qe2 Rc8 11. Ne5 Nxe5 12. dxe5 Nd7 13. f4 Re8 14. Rad1 Qc7 15. Qh5 g6 16. Qg4 c4 17.
bxc4 Bc5 18. Qe2 Rcd8 19. Bd4 Bxd4 20. exd4 dxc4 21. Nxc4 Nb8 22. Nd6 Rxd6 23. exd6 Qxd6 24. c3 Qxa3 25. f5 Qxc3 26. fxg6 hxg6 27. Qf2 Qc7 28. Rc1 Qe7 29. Qg3 Nc6 30. Bxg6 Nxd4 31. Bxf7+ Kh7 32.
Qg6+ Kh8 33. Bxe8 Ne2+ 34. Kh1 Nxc1 35. Qh6+ Kg8 36. Rf7 Qxf7 37. Bxf7+ Kxf7 38. Qh7+ Kf6 39. Qxb7 Kf5 40. Qxa7 Nd3 41. Qxb6 e5 42. Qb1 e4 43.
Kg1 Ke5 44. Kf1 Kd4 45. Ke2 Nf4+ 46. Kd2 e3+ 47. Ke1 Nxg2+ 48. Ke2 Nf4+ 49. Kf1 Ke5 50. Qb2+ Ke4 51. Qb4+ Kf3 52. Qb7+ Kg4 53. Qd7+ Kf3 54.
Qc6+ Kg4 55. Qe4 e2+ 56. Ke1 Kg5 57. Qe3 Kg4 58. Qe4 Kg5 59. h4+ Kg4 60. Qxf4+ Kxf4 61. h5 Kg5 62. h6 Kxh6 63. Kxe2 1/2-1/2

[Event "Late-Titled-Tuesday-Blitz-February-27-2024"]
[Site "Chess.com"]
[Date "2024.02.27"]
[Round "1"]
[White "Firouzja2003"]
[Black "komogro"]
[Result "1-0"]
[WhiteElo "3063"]
[BlackElo "2520"]
[TimeControl "180+1"]
[EndTime "14:07:59 PST"]
[Termination "Firouzja2003 won on time"]

1. d4 Nf6 2. Bg5 d5 3. e3 e6 4.
Nd2 Be7 5. c3 Nbd7 6. Bd3 e5 7.
Ne2 c6 8. O-O O-O 9. a4 a5 10.
Ng3 h6 11. Bxf6 Nxf6 12. f4 exd4 13. exd4 Bd6 14. Qf3 Qc7 15. h3 Bd7 16. Rae1 Rfe8 17. Re5 Qb6 18. Qe3 Rab8 19. Nf3 Qxb2 20. Rxe8+ Nxe8 21. Ne5 Bc8 22. Nxc6 Bxh3 23. gxh3 bxc6 24. Rb1 Qxb1+ 25.
Bxb1 Rxb1+ 26. Kg2 Nf6 27. Nf5 Ne4 28. Nxd6 Rb2+ 29. Kf3 Nxd6 30. Qe7 Ne4 31. Qe8+ Kh7 32. Qxf7 Rc2 33. Qf5+ Kh8 34. Qe6 Rxc3+ 35. Kg4 Rg3+ 36. Kf5 Rxh3 37. Qe8+ Kh7 38. Qg6+ Kh8 39. Qxc6 Nf6 40.
Kg6 Rg3+ 41. Kf7 Rg4 42. Qc8+ Kh7 43. Qf5+ Kh8 44. Qe5 h5 45. Qc7 h4 46. Qxa5 h3 47. Qd2 Rh4 48. Qh2 Ng4 49. Qg3 1-0

[Event "Late-Titled-Tuesday-Blitz-February-27-2024"]
[Site "Chess.com"]
[Date "2024.02.27"]
[Round "1"]
[White "Hui_Li_Macau"]
[Black "Rashad_Zeynalli"]
[Result "0-1"]
[WhiteElo "2353"]
[BlackElo "2651"]
[TimeControl "180+1"]
[EndTime "14:07:59 PST"]
[Termination "Rashad_Zeynalli won by checkmate"]

1. e4 c5 2. Nf3 d6 3. d4 cxd4 4. Nxd4 Nf6 5. Nc3 a6 6. Be2 e5 7. Nb3 Be7 8. O-O O-O 9. Be3 Be6 10. Qd2 Nbd7 11. a4 Rc8 12. a5 Rxc3 13. Qxc3 Nxe4 14. Qb4 f5 15. Qxb7 Ndf6 16. Qxa6 f4 17. Bb6 Qe8 18.
f3 Ng5 19. h4 Nf7 20. Qb5 Bd7 21. Qd3 Nh5 22. a6 Ng3 23. Rfd1 Bd8 24. Bf2 Qe7 25. Bxg3 fxg3 26. Kf1 Qxh4 27. Ke1 Bg5 28. a7 Qh1+ 29. Bf1 Qg1 30. Qe2 Bc6 31. Nd2 Be3 32. Ne4 Ng5 33. a8=Q Bxa8 34. Ra3 Bc5 35. Nxc5 Qxc5 36. Rc3 Qa5 37.
Qc4+ d5 38. Qc5 Qa2 39. Qa3 Qxa3 40. Rxa3 e4 41. Rc3 exf3 42. gxf3 Nxf3+ 43. Ke2 d4 44. Ra3 Ng1+ 45. Ke1 Nf3+ 46. Ke2 Re8+ 47. Kd3 Bd5 48.
Bg2 Re3# 0-1